 Dungeon Sprint DCSS version 0.28.0-53-g5a82cb258f (webtiles) character file.

Game seed: 18216228035259447433

2738 Zeld the Warrior (level 9, -1/97 HPs)
             Began as a Minotaur Berserker on June 4, 2022.
             Was a High Priest of Trog.
             Succumbed to a redback's poison
             ... in the Dungeon (Sprint III: "The Ten Rune Challenge").
             The game lasted 00:02:01 (2023 turns).

Zeld the Warrior (Minotaur Berserker)               Turns: 2023, Time: 00:02:02

Health: -1/97      AC:  3    Str: 26    XL:     9   Next: 40%
Magic:  8/8        EV: 15    Int:  4    God:    Trog [*****.]
Gold:   37         SH:  0    Dex: 10    Spells: 8/8 levels left

rFire   . . .      SeeInvis .   a - +0 hand axe
rCold   . . .      Faith    .   (no shield)
rNeg    . . .      Spirit   .   b - +0 animal skin
rPois   .          Reflect  .   (helmet restricted)
rElec   .          Harm     .   (no cloak)
rCorr   .          Rampage  .   (no gloves)
Will    +++..      NoTele   +   (no boots)
Stlth   +.........              (no amulet)
HPRegen 1.26/turn               (no ring)
MPRegen 0.11/turn               (no ring)

@: lethally poisoned (-1 -> -95), strong-willed, on berserk cooldown,
regenerating, slowed, very slow
A: horns 2, retaliatory headbutt, strong-willed 1
a: Renounce Religion, Berserk, Trog's Hand, Brothers in Arms


You were in the Dungeon.
You worshipped Trog.
Trog was extremely pleased with you.
You visited 1 branch You collected 37 gold pieces.

Inventory:

Hand Weapons
 a - a +0 hand axe (weapon)
Armour
 b - a +0 animal skin (worn)
Wands
 m - a wand of paralysis (10)
Scrolls
 h - a scroll of blinking
 j - 2 scrolls of immolation
 k - a scroll of identify
Potions
 d - a potion of heal wounds
 e - a potion of haste
 f - 2 potions of magic
 g - 2 potions of berserk rage
 i - 2 potions of mutation
 l - 3 potions of flight
Miscellaneous
 n - a condenser vane


   Skills:
 * Level 15.4 Fighting
 * Level 15.3 Axes
 + Level 11.0 Armour
 + Level 10.1 Dodging


You had 8 spell levels left.
You didn't know any spells.
Your spell library was empty.

Dungeon Overview and Level Annotations

Branches:
Dungeon (1/1)

Altars:
Cheibriados
Dithmenos
Elyvilon
Fedhas
Gozag
Hepliaklqana
Kikubaaqudgha
Makhleb
Nemelex Xobeh
Okawaru
Qazlal
Ru
Sif Muna
Trog
Uskayaw
Vehumet
Wu Jian
Xom
Yredelemnul
Zin
The Shining One
Beogh
Jiyva
Lugonu


Innate Abilities, Weirdness & Mutations

You have a pair of horns on your head.
You reflexively headbutt those who attack you in melee.
You are strong-willed. (Will+)


Message History

Trog accepts your kill.
Your Armour skill increases to level 11!
A redback comes into view.
The redback moves out of view.
Items here: ))) [ ††.
You feel a strong urge to attack something.
You are no longer berserk.
You are exhausted.
You feel yourself slow down. The redback bites you.
A redback is nearby!
You completely miss the redback.
You headbutt the redback, but do no damage.
The redback bites you.
You are poisoned.
The redback poisons you! The redback bites you.
You barely miss the redback. You headbutt the redback.
The redback is lightly wounded.
You feel extremely sick. The redback bites you!
You hit the redback. Your headbutt misses the redback.
The redback is lightly wounded.
You feel very sick. The redback bites you.
You feel better. The redback bites you.
You are poisoned.
The redback poisons you! The redback bites you! The redback misses you.
You furiously retaliate!
You headbutt the redback.
Your skin crawls.
You feel strong-willed.
You feel extremely sick. The redback bites you!
* * * LOW HITPOINT WARNING * * *
You are more poisoned.
The redback poisons you! The redback bites you.
* * * LOW HITPOINT WARNING * * *
You are more poisoned.
The redback poisons you!
You feel much better.
You die...

#)## ...# ...# ##'#
...#+##############
...#....#.#.#.....# .
...##.#..#.##.###)# ...
...'##)#.#.##)#.)##...^.
...#...#..#.)##.@s....^.
▓▓▓▓▓▓▓▓▓▓▓▓▓▓▓▓▓#.....^
.^..^. ^^... ..^.. ####


You could see a redback.

Vanquished Creatures
  Erolcha (D)
  A deep elf pyromancer (D)
  A shadow (D)
  A redback (D)
  A spatial vortex (D)
  A necrophage (D)
  5 two-headed ogres (D)
  A water elemental (D)
  A jelly (D)
  A wizard (D)
  A necromancer (D)
  3 humans (D)
  A kobold demonologist (D)
  A phantom (D)
  An endoplasm (D)
  3 rats (D)
24 creatures vanquished.

Notes
Turn   | Place    | Note
-------+----------+-------------------------------------------
     0 | D        | Zeld the Minotaur Berserker began the quest for the Orb.
     0 | D        | Reached XP level 1. HP: 19/19 MP: 0/0
   116 | D        | Reached ** piety under Trog
   233 | D        | Reached skill level 5 in Fighting
   233 | D        | Reached skill level 5 in Axes
   233 | D        | Reached XP level 2. HP: 18/29 MP: 1/1
   428 | D        | Noticed a water elemental
   433 | D        | Killed a water elemental
   434 | D        | Reached XP level 3. HP: 39/39 MP: 2/2
   434 | D        | Reached XP level 4. HP: 47/47 MP: 3/3
   467 | D        | Gained mutation: You have sharp toenails. [potion of
                  | mutation]
   660 | D        | Found a hide-covered altar of Uskayaw.
   660 | D        | Found an iron altar of Okawaru.
   660 | D        | Found a bloodstained altar of Trog.
   660 | D        | Found an ornate altar of the Wu Jian Council.
   660 | D        | Noticed a human
   660 | D        | Noticed a human
   671 | D        | Killed a human
   671 | D        | Reached *** piety under Trog
   671 | D        | Killed a human
   672 | D        | Reached skill level 10 in Fighting
   672 | D        | Reached skill level 10 in Axes
   672 | D        | Reached XP level 5. HP: 16/59 MP: 4/4
   672 | D        | Reached XP level 6. HP: 18/67 MP: 5/5
  1020 | D        | Found a basalt altar of Yredelemnul.
  1020 | D        | Found a shadowy altar of Dithmenos.
  1020 | D        | Found a sacrificial altar of Ru.
  1051 | D        | Lost mutation: You have sharp toenails. [potion of
                  | mutation]
  1051 | D        | Gained mutation: You are strong-willed. (Will+) [potion of
                  | mutation]
  1207 | D        | Found a radiant altar of Vehumet.
  1208 | D        | Found a shimmering blue altar of Sif Muna.
  1208 | D        | Found an ancient bone altar of Kikubaaqudgha.
  1214 | D        | Reached **** piety under Trog
  1220 | D        | Reached XP level 7. HP: 74/74 MP: 6/6
  1338 | D        | Found a glowing silver altar of Zin.
  1338 | D        | Found a glowing golden altar of the Shining One.
  1338 | D        | Found a white marble altar of Elyvilon.
  1339 | D        | Noticed a deep elf pyromancer
  1347 | D        | Killed a deep elf pyromancer
  1403 | D        | Noticed a shadow
  1409 | D        | Killed a shadow
  1409 | D        | Reached ***** piety under Trog
  1410 | D        | Reached XP level 8. HP: 85/86 MP: 7/7
  1446 | D        | Found a blossoming altar of Fedhas.
  1446 | D        | Found a stormy altar of Qazlal.
  1446 | D        | Found a snail-covered altar of Cheibriados.
  1446 | D        | Found a burning altar of Makhleb.
  1446 | D        | Found a shimmering altar of Xom.
  1454 | D        | Found a hazy altar of Hepliaklqana.
  1454 | D        | Found an opulent altar of Gozag.
  1454 | D        | Found a sparkling altar of Nemelex Xobeh.
  1454 | D        | Found a corrupted altar of Lugonu.
  1454 | D        | Found a viscous altar of Jiyva.
  1825 | D        | Noticed a two-headed ogre
  1835 | D        | Killed a two-headed ogre
  1836 | D        | Reached skill level 10 in Armour
  1997 | D        | Noticed a two-headed ogre
  1997 | D        | Noticed Erolcha
  2004 | D        | Killed Erolcha
  2004 | D        | Received a gift from Trog
  2005 | D        | Reached XP level 9. HP: 96/96 MP: 8/8
  2011 | D        | Killed a two-headed ogre
  2012 | D        | Reached skill level 15 in Fighting
  2012 | D        | Reached skill level 15 in Axes
  2012 | D        | Reached skill level 10 in Dodging
  2023 | D        | Succumbed to a redback's poison

Illustrated notes

Levels and vault maps discovered:
D:        dungeon_sprint_mu [sprint_mu_entry_cave, sprint_mu_temple_rooms,
          sprint_mu_d1_spiders, sprint_mu_d2_genie, sprint_mu_d3_branching,
          sprint_mu_orc_legion, sprint_mu_elf_gauntlet, sprint_mu_hive_nellie,
          sprint_mu_lair_fedhas, sprint_mu_vaults_butterflies,
          sprint_mu_slime_circle, sprint_mu_swamp_cave, sprint_mu_shoals_archi,
          sprint_mu_blade_basic, sprint_mu_crypt_lich, sprint_mu_tomb_spiral,
          sprint_mu_vestibule_basic, sprint_mu_gehenna_hellfire,
          sprint_mu_dis_giant, sprint_mu_tartarus_statrot,
          sprint_mu_cocytus_islands, sprint_mu_zot1]

Skill      XL: |  1  2  3  4  5  6  7  8  9 |
---------------+----------------------------+-----
Fighting       | 5 7 10 11 13 14 15 | 15.4
Axes           | 5 6 10 11 12 14 15 | 15.3
Armour         | 3 4 7 9 10 11 | 11.0
Dodging        | 3 4 6 7 8 9 10 | 10.1

Action                   |  1- 3 |  4- 6 |  7- 9 || total
-------------------------+-------+-------+-------++-------
Melee: Hand axe          |    17 |    23 |    59 ||    99
       Headbutt          |     2 |     2 |    20 ||    24
       Kick              |       |     3 |       ||     3
       Punch             |       |     1 |     1 ||     2
Invok: Berserk           |     2 |     3 |     6 ||    11
       Trog's Hand       |       |       |     1 ||     1
  Use: Scroll            |     2 |       |       ||     2
       Potion            |       |     2 |     2 ||     4
Armor: Animal skin       |     1 |       |       ||     1
Dodge: Dodged            |    14 |     5 |    22 ||    41
